 Dungeon Crawl Stone Soup version 0.18-a0-1805-g8ab820f (webtiles) character file.

2366 RatWanderer the Basher (level 9, 0/64 HPs)
             Began as a Mummy Wanderer on Apr 25, 2016.
             Was an Initiate of Gozag.
             Killed from afar by a starcursed mass (4 damage)
             ... with an accursed screaming
             ... on level 2 of the Abyss.
             The game lasted 00:25:08 (5189 turns).

RatWanderer the Basher (Mummy Wanderer)             Turns: 5189, Time: 00:25:09

Health: 0/64       AC:  6    Str: 13    XL:     9   Next: 21%
Magic:  9/9        EV: 10    Int: 12    God:    Gozag
Gold:   280        SH:  4    Dex: 19    Spells: 0 memorised, 8 levels left

rFire  x . .     SeeInvis .     b - +2 whip "Arcanum" {elec, rC+}
rCold  + + .     Gourm    .     e - +0 robe
rNeg   + + +     Faith    .     t - +0 buckler
rPois  ∞         Spirit   .     l - +2 helmet "Itwyguni" {Dex+3}
rElec  .         Dismiss  .     i - +0 cloak
rCorr  .         Reflect  .     (no gloves)
SustAt .         Harm     .     (no boots)
MR     +....                    q - amulet of regeneration
Stlth  ++........               (no ring)
                                (no ring)

@: very slightly contaminated, somewhat resistant to hostile enchantments,
unstealthy
A: no food or potions, fire vulnerability, cold resistance 1, negative energy
resistance 3, torment resistance, unbreathing
a: Potion Petition, Call Merchant, Bribe Branch, Renounce Religion


You were on level 2 of the Abyss.
You worshipped Gozag.
Gozag was noncommittal.
You were not hungry.

You visited 2 branches of the dungeon, and saw 8 of its levels.
You visited the Abyss 1 time.

You collected 691 gold pieces.
You paid 411 gold pieces to Gozag.

Inventory:

Hand Weapons
 a - a +2 hand crossbow
 b - the +2 whip "Arcanum" (weapon) {elec, rC+}
   (You found it on level 5 of the Dungeon)

   Occasionally, upon striking a foe, it will discharge some electrical energy
   and cause terrible harm.
   It protects you from cold.
 c - a +2 dagger of venom
 j - a +2 whip of freezing
 s - a +3 flail of protection
Missiles
 k - a throwing net (quivered)
 o - 4 javelins
 p - 58 bolts
 r - 5 tomahawks
Armour
 e - a +0 robe (worn)
 i - a +0 cloak (worn)
 l - the +2 helmet "Itwyguni" (worn) {Dex+3}
   (You took it off Robin on level 2 of the Dungeon)

   It affects your dexterity (+3).
 t - a +0 buckler (worn)
 u - the +7 plate armour of Vlad {Dex+4 Stlth+}
   (You acquired it on level 2 of the Abyss)

   It affects your dexterity (+4).
   It makes you more stealthy.
Jewellery
 g - a +3 amulet of reflection
 n - an uncursed ring of ice
 q - an amulet of regeneration (around neck)
Scrolls
 d - a scroll of recharging
 f - a scroll of identify
 h - 3 scrolls of remove curse
 m - a scroll of noise


   Skills:
 - Level 3.2 Fighting
   Level 1.5 Long Blades
 + Level 10.2 Maces & Flails
 - Level 1.5 Crossbows
 - Level 1.0 Stealth
 - Level 1.0 Shields
   Level 1.0 Evocations


You had 8 spell levels left.
You didn't know any spells.

Dungeon Overview and Level Annotations

Branches:
Dungeon (7/15)             Temple (1/1) D:4

Altars:
Ashenzari
Cheibriados
Dithmenos
Elyvilon
Fedhas
Gozag
Makhleb
Nemelex Xobeh
Okawaru
Qazlal
Ru
Sif Muna
Trog
Vehumet
Xom
Yredelemnul
Zin
The Shining One

Shops:
D:4 !

Annotations:
D:2 Sigmund
D:3 exclusion: downstairs
D:4 Denapoli's ghost, amateur HOFi
D:5 epen's ghost, amateur SpAK
D:7 Joseph


Innate Abilities, Weirdness & Mutations

You do not eat or drink.
Your flesh is vulnerable to fire.
You are immune to poison.
Your flesh is cold resistant.
You are immune to negative energy.
You are immune to unholy pain and torment.
You can survive without breathing.


Message History

A starcursed mass splits.
A chorus of shrieks assaults your mind.
Found a robe.
A chorus of shrieks assaults your mind. A chorus of shrieks assaults your mind.
* * * LOW HITPOINT WARNING * * *
Found a spear.
You see here a robe.
A starcursed mass splits.
The starcursed mass shrieks in your mind.
* * * LOW HITPOINT WARNING * * *
The starcursed mass shrieks in your mind.
* * * LOW HITPOINT WARNING * * *
The starcursed mass shrieks in your mind.
* * * LOW HITPOINT WARNING * * *
A chorus of shrieks assaults your mind.
* * * LOW HITPOINT WARNING * * *
A chorus of shrieks assaults your mind.
You die...
Your body crumbles into a pile of gold.

###.. #
### .# #
###..
#.###)# #
#.X###. .#
# #. .
#.#####.#
.# ##.X..#
#### #
##.#..##
#.#.
#.....##.#
#X##
#..##.##@#
##..#
###...X..#
#.. X
#.######
## #. ###
#


You could see 3 starcursed masses.

Vanquished Creatures
  Pikel (D:5)
  A hellwing (Abyss:2)
  Grinder (D:4)
  A fire bat (Abyss:2)
  Edmund (D:5)
  An insubstantial wisp (Abyss:2)
  3 slaves
  An ice beast (D:5)
  A centaur (D:5)
  2 ogres (D:4)
  2 scorpions
  A small abomination (Abyss:2)
  A howler monkey (D:4)
  A crimson imp (D:5)
  A quasit (Abyss:2)
  2 hounds
  2 orc wizards
  Jessica (D:2)
  Ijyb (D:2)
  5 worker ants
  A hound skeleton (D:4)
  Robin (D:2)
  8 adders
  2 oozes
  An adder skeleton (D:5)
  A dart slug (D:1)
  2 worms (D:3)
  3 giant geckos
  5 orcs
  5 bats
  A giant cockroach (D:1)
  14 goblins
  6 hobgoblins
  7 jackals
  8 kobolds
  4 quokkas
  A ball python (D:3)
  A ball python skeleton (D:5)
  5 giant newts
  4 rats
110 creatures vanquished.

Vanquished Creatures (others)
  A slave (D:5)
  A centaur (D:4)
  A giant frog (D:5)
  A jelly (D:5)
  6 starspawn tentacles (Abyss:2)
  139 starspawn tentacle segments (Abyss:2)
149 creatures vanquished.

Grand Total: 259 creatures vanquished

Notes
Turn   | Place    | Note
--------------------------------------------------------------
     0 | D:1      | RatWanderer the Mummy Wanderer began the quest for the Orb.
     0 | D:1      | RatWanderer set off with: a +2 hand crossbow, 24 bolts, a +0 mace, a scroll of teleportation, a +0 robe
     0 | D:1      | Reached XP level 1. HP: 18/18 MP: 1/1
   117 | D:1      | Reached XP level 2. HP: 24/24 MP: 2/2
   127 | D:1      | Reached skill level 1 in Maces & Flails
   492 | D:2      | Noticed Robin
   528 | D:2      | Noticed Jessica
   529 | D:2      | Killed Jessica
   529 | D:2      | Reached skill level 2 in Maces & Flails
   529 | D:2      | Reached XP level 3. HP: 29/29 MP: 3/3
   742 | D:2      | Noticed Sigmund
   776 | D:2      | Killed Robin
   776 | D:2      | Reached XP level 4. HP: 35/35 MP: 4/4
   782 | D:2      | Got an ancient helmet
   798 | D:2      | Identified the +2 helmet "Itwyguni" {Dex+3} (You took it off Robin on level 2 of the Dungeon)
   931 | D:2      | Reached skill level 3 in Maces & Flails
  1118 | D:2      | Noticed Ijyb
  1127 | D:2      | Killed Ijyb
  1399 | D:3      | Found a sacrificial altar of Ru.
  1584 | D:3      | Reached XP level 5. HP: 36/41 MP: 5/5
  1936 | D:4      | Reached skill level 4 in Maces & Flails
  1989 | D:4      | Noticed an ogre
  1994 | D:4      | Noticed Denapoli's ghost (amateur HOFi)
  2340 | D:4      | Found a staircase to the Ecumenical Temple.
  2352 | Temple   | Entered the Ecumenical Temple
  2374 | Temple   | Became a worshipper of Gozag Ym Sagoz the Greedy
  2550 | D:4      | Reached XP level 6. HP: 47/47 MP: 6/6
  2557 | D:4      | Reached skill level 5 in Maces & Flails
  2646 | D:4      | Noticed Grinder
  2735 | D:4      | Reached XP level 7. HP: 50/52 MP: 7/7
  2758 | D:4      | Reached skill level 6 in Maces & Flails
  2789 | D:4      | Killed Grinder
  2874 | D:4      | Found a radiant altar of Vehumet.
  2915 | D:4      | Reached skill level 7 in Maces & Flails
  3088 | D:4      | Found Gevisid's Distillery.
  3533 | D:5      | Entered Level 5 of the Dungeon
  3575 | D:5      | Noticed epen's ghost (amateur SpAK)
  3768 | D:6      | Noticed Edmund
  3795 | D:7      | Noticed Joseph
  3961 | D:5      | Noticed Pikel
  4205 | D:5      | Reached XP level 8. HP: 58/58 MP: 8/8
  4352 | D:5      | Got a scorched whip
  4356 | D:5      | Identified the cursed +2 whip "Arcanum" {elec, rC+} (You found it on level 5 of the Dungeon)
  4361 | D:5      | Killed Edmund
  4361 | D:5      | Reached skill level 8 in Maces & Flails
  4393 | D:5      | Found a shattered altar of Ashenzari.
  4592 | D:5      | Killed Pikel
  4592 | D:5      | Reached skill level 9 in Maces & Flails
  4658 | D:5      | Cast into level 2 of the Abyss (epen's ghost)
  4751 | Abyss:2  | Identified a scroll of acquirement
  4753 | Abyss:2  | Got a fine plate armour
  4764 | Abyss:2  | Identified the +7 plate armour of Vlad {Dex+4 Stlth+} (You acquired it on level 2 of the Abyss)
  4766 | Abyss:2  | Noticed a tormentor
  4772 | Abyss:2  | Noticed a great orb of eyes
  4782 | Abyss:2  | Found a corrupted altar of Lugonu.
  4830 | Abyss:2  | Noticed an ice devil
  4912 | Abyss:2  | Noticed an ancient zyme
  4944 | Abyss:2  | Noticed a tentacled starspawn
  4971 | Abyss:2  | Noticed a tentacled starspawn
  4995 | Abyss:2  | HP: 1/58 [insubstantial wisp (3)]
  5025 | Abyss:2  | Noticed a hellwing
  5042 | Abyss:2  | Reached XP level 9. HP: 30/64 MP: 9/9
  5085 | Abyss:2  | Killed a hellwing
  5085 | Abyss:2  | Reached skill level 10 in Maces & Flails
  5128 | Abyss:2  | Noticed a thrashing horror
  5138 | Abyss:2  | Noticed a starcursed mass
  5189 | Abyss:2  | Killed from afar by a starcursed mass

Vault maps used:
D:1:      elethiomel_arrival_shortcut
D:2:      uniq_jessica, uniq_iyjb, uniq_robin, uniq_sigmund
D:3:      serial_forest, infiniplex_forest_lined_3, infiniplex_forest_clump_C,
          infiniplex_forest_lined_room_2, infiniplex_forest_lined_1,
          infiniplex_forest_clump_curved, nicolae_ru_sacrificial_ziggurat
D:4:      lemuel_doored_altar, temple_fountains, serial_shops,
          kennysheep_mini_moat, kennysheep_generic_room_14, uniq_grinder
D:5:      first_bread, basic_altar, kennysheep_generic_room_12, uniq_pikel
D:6:      marbit_many_paths, uniq_edmund
D:7:      minitemple, nicolae_ossuary_entry_giza, trog_wizard, uniq_joseph
Temple:   lightli_temple_of_artemis
Abyss:2:  hangedman_abyss_or_decor_passed

Skill      XL: |  1  2  3  4  5  6  7  8  9 |
---------------+----------------------------+-----
Maces & Flails | 2 3 4 5 7 9 10 | 10.2
Fighting       | |  3.2
Long Blades    | |  1.5
Crossbows      | |  1.5
Stealth        | |  1.0
Shields        | |  1.0
Evocations     | |  1.0

Action                   |  1- 3 |  4- 6 |  7- 9 || total
-------------------------+-------+-------+-------++-------
Melee: Dagger            |    16 |    56 |    26 ||    98
       Whip              |       |       |    59 ||    59
 Fire: Hand crossbow     |    40 |    75 |   127 ||   242
Invok: Potion Petition   |       |       |     2 ||     2
  Use: Scroll            |       |     3 |     7 ||    10
 Stab: Sleeping          |     3 |       |       ||     3
Armor: Robe              |     9 |    29 |    62 ||   100
Dodge: Dodged            |    12 |    38 |   100 ||   150
Block: Other             |       |     8 |     5 ||    13
       Reflection        |       |       |     1 ||     1
       Buckler           |       |       |    22 ||    22
